 Dungeon Crawl Stone Soup version 0.30-a0-800-g7c544603b3 (webtiles) character file.

Game seed: 2681637828299717502

298 DskReedErrur the Vexing (level 6, 0/35 (52) HPs)
             Began as a Draconian Wanderer on Feb 21, 2023.
             Was an Initiate of Gozag.
             Slain by a kobold brigand
             ... wielding a +1 dagger of draining
              (8 damage)
             ... on level 4 of the Dungeon.
             The game lasted 00:22:07 (3185 turns).

DskReedErrur the Vexing (Draconian Wanderer)        Turns: 3185, Time: 00:22:08

HP:   0/35 (52)     AC:  7    Str: 11    XL:     6   Next: 13%
MP:   11/11         EV: 11    Int: 15    God:    Gozag
Gold: 404           SH:  0    Dex: 11    Spells: 9/12 levels left

rFire   . . .      SeeInvis +    i - +0 hand axe
rCold   + . .      Faith    .    (no shield)
rNeg    . . .      Spirit   .    (body armour unavailable)
rPois   .          Reflect  .    (helmet restricted)
rElec   .          Harm     .    p - +0 cloak
rCorr   .          Rampage  .    (no gloves)
Will    .....                    (no boots)
Stlth   +                        (no amulet)
HPRegen 0.25/turn                (no ring)
MPRegen 0.12/turn                (no ring)

@: gold aura, very heavily drained
A: AC +6, unfitting armour, cold-blooded, see invisible, cold resistance 1,
dopey 1
a: Renounce Religion, Potion Petition, Call Merchant, Bribe Branch


You were on level 4 of the Dungeon.
You worshipped Gozag.
Gozag was aware of your devotion.
You visited 1 branch of the dungeon, and saw 4 of its levels.

You collected 462 gold pieces.
You paid 58 gold pieces to Gozag.

Inventory:

Hand Weapons
 g - a +0 war axe
 i - a +0 hand axe (weapon)
Missiles
 a - 10 poisoned darts
Armour
 p - a +0 cloak (worn)
Magical Staves
 n - a staff of poison
 q - a staff of poison
Wands
 b - a wand of flame (1)
Scrolls
 d - a scroll of silence
 e - 6 scrolls of enchant armour
 j - a scroll of blinking
 l - 2 scrolls of teleportation
 o - 2 scrolls of fear {unknown}
Potions
 c - a potion of lignification
 f - a potion of cancellation {unknown}
 h - a potion of haste {unknown}
 k - a potion of ambrosia {unknown}
 m - 2 potions of attraction


   Skills:
 + Level 3.9 Fighting
 + Level 1.4 Axes
 - Level 1.1 Dodging
 - Level 3.6 Spellcasting
 * Level 4.8 Hexes
 - Level 1.1 Evocations


You had 9 spell levels left.
You knew the following spells:

 Your Spells              Type           Power      Damage    Failure   Level
a - Slow                  Hex            68%        N/A       2%          1
b - Passwall              Tmut/Erth      1%         N/A       28%         2

Your spell library contained the following spells:

 Spells                   Type           Power      Damage    Failure   Level
 Ensorcelled Hibernation  Hex/Ice        18%        N/A       11%         2
 Summon Guardian Golem    Hex/Summ       9%         N/A       22%         3
 Swiftness                Air            2%         N/A       50%         3
 Anguish                  Hex/Necr       4%         N/A       56%         4
 Leda's Liquefaction      Hex/Erth       4%         N/A       56%         4
 Enfeeble                 Hex            8%         N/A       100%        7


Dungeon Overview and Level Annotations

Branches:
Dungeon (4/15)
 Temple: D:4-7

Altars:
Gozag
Sif Muna


Innate Abilities, Weirdness & Mutations

Your plain brown scales are hard. (AC +6)
You cannot fit into any form of body armour.
You are cold-blooded and may be slowed by cold attacks.
You have supernaturally acute eyesight. (SInv)
Your flesh is cold resistant. (rC+)
You are dopey. (Int -2)


Message History

The kobold brigand hits you but does no damage.
You feel drained.
You hit the kobold.
You kill the kobold!
You hit the kobold brigand.
The kobold brigand hits you but does no damage.
You feel drained.
You barely miss the kobold brigand.
The kobold brigand is moderately wounded.
The kobold brigand hits you with a +1 dagger of draining.
You feel drained.
You hit the kobold brigand.
The kobold brigand is moderately wounded.
The kobold brigand barely misses you.
The kobold brigand hits you with a +1 dagger of draining.
You feel drained.
You slash the kobold brigand!
You tail-slap the kobold brigand, but do no damage.
The kobold brigand is severely wounded.
The kobold brigand barely misses you.
You slash the kobold brigand!
The kobold brigand is almost dead.
The kobold brigand closely misses you.
You hit the kobold brigand.
The kobold brigand is almost dead.
The kobold brigand is distracted by your dazzling golden aura.
You closely miss the kobold brigand.
The kobold brigand is no longer distracted by gold.
The kobold brigand shouts!
You tail-slap the kobold brigand.
The kobold brigand is almost dead.
The kobold brigand hits you with a +1 dagger of draining.
* * * LOW HITPOINT WARNING * * *
You feel drained.
* * * LOW HITPOINT WARNING * * *
You barely miss the kobold brigand.
The kobold brigand is almost dead.
The kobold brigand hits you with a +1 dagger of draining!
You die...
Your body crumbles into a pile of gold.

..#...# ...~~#..##...#
#..... ..'...#
...~≈##))#...# #.....
.(##### ..~~~≈#).#...#
#..... ..#
..~~~≈#..#...# #.....
..#
..~~~~#..#...#####....#
..#
...~~##..#...#...#.....
..#
#+#~~#..##...#...#.....
..# $
..~##..##'###...'.....
..# ...
#$@##........#....# ..#
... #$K#~...##'###.....
..# #..#~...##...#.....
..# #..#~~.......#.....
..# #..#~~~......#.....
..# ..##≈~~......#.....
..# ..#≈≈~~.##.).#.....
..#
#..##≈~~.######.....
..# # #≈~~.#........##


You could see a kobold brigand.

Vanquished Creatures
  An ogre (D:4)
  Ijyb (D:3)
  An iguana (D:4)
  3 gnolls (D:3)
  4 adders
  A worm (D:3)
  A dart slug (D:3)
  2 orcs (D:4)
  5 bats
  5 endoplasms
  4 giant cockroaches
  10 goblins
  10 hobgoblins
  3 jackals (D:1)
  A quokka (D:3)
  7 ball pythons
  2 frilled lizards (D:1)
  19 kobolds
  7 rats
87 creatures vanquished.

Notes
Turn   | Place    | Note
-------+----------+-------------------------------------------
     0 | D:1      | DskReedErrur the Draconian Wanderer began the quest for the
                  | Orb.
     0 | D:1      | DskReedErrur set off with the following items: a +0 club, a
                  | potion of mutation, a potion of lignification, a scroll of
                  | silence; and the following spell memorised: Slow; and the
                  | following spells available to memorise: Summon Guardian
                  | Golem, Leda's Liquefaction.
     0 | D:1      | Reached XP level 1. HP: 19/19 MP: 3/3
     0 | D:1      | Gained mutation: Your muscles are strong. (Str +4, Int/Dex
                  | -1) [potion of mutation]
     0 | D:1      | Gained mutation: You are vulnerable to heat. (rF-) [potion
                  | of mutation]
     0 | D:1      | Gained mutation: You have sharp toenails. [potion of
                  | mutation]
   169 | D:1      | Reached XP level 2. HP: 24/26 MP: 5/5
   321 | D:1      | Reached skill level 3 in Hexes
   785 | D:2      | Reached XP level 3. HP: 31/31 MP: 6/6
  1327 | D:3      | Found a faded altar of an unknown god.
  1333 | D:3      | Reached XP level 4. HP: 38/38 MP: 8/8
  1384 | D:3      | Noticed Ijyb
  1417 | D:3      | Killed Ijyb
  1550 | D:3      | Learned a level 2 spell: Passwall
  1693 | D:3      | Found an opulent altar of Gozag.
  1698 | D:3      | Became a worshipper of Gozag Ym Sagoz the Greedy
  1729 | D:3      | Found a shimmering blue altar of Sif Muna.
  2023 | D:3      | Reached skill level 4 in Hexes
  2101 | D:3      | Reached XP level 5. HP: 42/45 MP: 10/10
  2781 | D:4      | Noticed an ogre
  2821 | D:4      | Killed an ogre
  2822 | D:4      | Reached skill level 1 in Axes
  2822 | D:4      | Reached XP level 6. HP: 34/52 MP: 7/11
  2839 | D:4      | Lost mutation: Your muscles are strong. (Str +4, Int/Dex
                  | -1) [potion of mutation]
  2839 | D:4      | Lost mutation: You have sharp toenails. [potion of
                  | mutation]
  2839 | D:4      | Lost mutation: You are vulnerable to heat. (rF-) [potion of
                  | mutation]
  2839 | D:4      | Gained mutation: Your flesh is cold resistant. (rC+)
                  | [potion of mutation]
  2839 | D:4      | Gained mutation: You are dopey. (Int -2) [potion of
                  | mutation]
  2839 | D:4      | Gained mutation: You have supernaturally acute eyesight.
                  | (SInv) [potion of mutation]
  3185 | D:4      | Slain by a kobold brigand

Illustrated notes

Levels and vault maps discovered:
D:1:      matt_arrival_diagonals, layout_basic, kennysheep_crisscross
D:2:      layout_rooms
D:3:      layout_basic, mainiacjoe_overflow_two_lobes,
          hellmonk_ecumenical_altar_arch_garden, chequers_serial_rivers_large_a,
          due_unseen_surprise, uniq_ijyb
D:4:      cheibrodos_thug_alley, layout_gridville, kennysheep_doodads,
          minmay_ruptured

Skill      XL: |  1  2  3  4  5 |
---------------+----------------+-----
Hexes          | 3 4 |  4.8
Spellcasting   | 3 |  3.6
Axes           | 1 |  1.4
Fighting       | |  3.9
Dodging        | |  1.1
Evocations     | |  1.1

Action                     |  1- 3 |  4- 6 || total
---------------------------+-------+-------++-------
  Melee: Club              |    85 |       ||    85
         Kick              |    26 |    17 ||    43
         Tailslap          |    10 |    17 ||    27
         Hand axe          |    57 |   148 ||   205
         Punch             |       |     2 ||     2
  Throw: Dart              |       |    15 ||    15
   Cast: Slow              |     1 |    15 ||    16
         Passwall          |       |     2 ||     2
  Evoke: Wand              |       |    10 ||    10
    Use: Potion            |     1 |     1 ||     2
         Scroll            |     5 |     1 ||     6
 Armour: Skin              |    96 |    56 ||   152
  Dodge: Dodged            |   138 |    91 ||   229

Table legend: (Time is in decaauts)
 A = Elapsed time spent in this place.
 B = Non-inter-level travel time spent in this place.
 C = Inter-level travel time spent in this place.
 D = Time resting spent in this place.
 E = Time spent auto-exploring this place.
 F = Levels seen in this place.
 G = Mean time per level.
                   A        B        C        D        E       F      G
               +--------+--------+--------+--------+--------+-----+--------+
         Total |   3276 |   3219 |     57 |    462 |   1808 |   4 |  819.0 |
       Dungeon |   3276 |   3219 |     57 |    462 |   1808 |   4 |  819.0 |
               +--------+--------+--------+--------+--------+-----+--------+

Top non-repeatable levels by time:
     D:3: 1094 daAuts
     D:4: 821 daAuts
     D:1: 803 daAuts
     D:2: 557 daAuts
